 Dungeon Crawl Stone Soup version 0.31-a0-237-g2d982f9f85 (webtiles) character file.

Game seed: 1687809070968627528

39 qw the Shooter (level 3, -3/29 HPs)
             Began as a Minotaur Hexslinger on July 11, 2023.
             Slain by Sigmund
             ... wielding a +0 scythe
              (5 damage)
             ... on level 2 of the Dungeon.
             The game lasted 00:00:22 (1064 turns).

qw the Shooter (Minotaur Hexslinger)                Turns: 1064, Time: 00:00:23

Health: -3/29      AC:  5    Str: 12    XL:     3   Next: 28%
Magic:  3/3        EV: 11    Int: 10    God:
Gold:   61         SH:  0    Dex: 14    Spells: 3/4 levels left

rFire   . . .        Y - +1 sling
rCold   . . .        (no shield)
rNeg    . . .        f - +0 ring mail
rPois   .            (helmet restricted)
rElec   .            (no cloak)
rCorr   .            (no gloves)
SInv    .            (no boots)
Will    .....        d - amulet of faith
Stlth   +            (no ring)
HPRegen 0.24/turn    (no ring)
MPRegen 0.08/turn

%: faith
@: no status effects
A: horns 2, retaliatory headbutt
a: no special abilities


You were on level 2 of the Dungeon.
You visited 1 branch of the dungeon, and saw 2 of its levels.

You collected 61 gold pieces.


Innate Abilities, Weirdness & Mutations

You have a pair of horns on your head.
You reflexively headbutt those who attack you in melee.


   Skills:
 - Level 2.0 Fighting
 + Level 3.9 Ranged Weapons
 - Level 2.1 Dodging
 - Level 1.0 Spellcasting
 - Level 2.0 Hexes


You had 3 spell levels left.
You knew the following spells:

 Your Spells              Type           Power      Damage    Failure   Level
a - Slow                  Hex            16%        N/A       34%         1

Your spell library contained the following spells:

 Spells                   Type           Power      Damage    Failure   Level
 Inner Flame              Hex/Fire       2%         N/A       83%         3
 Portal Projectile        Hex/Tloc       4%         N/A       83%         3
 Cause Fear               Hex            2%         N/A       98%         4

Inventory:

Hand Weapons
 Y - a +1 sling (weapon)
Armour
 f - a +0 ring mail (worn)
Jewellery
 d - an amulet of faith (around neck)
Potions
 a - a potion of degeneration {unknown}

Dungeon Overview and Level Annotations

Branches:
Dungeon (2/15)

Altars:

Annotations:
D:2 Sigmund


Message History

You shoot a sling bullet. The sling bullet hits the rat.
You kill the rat!
You start resting.
HP restored.
You now have 61 gold pieces (gained 11).
Found a ring mail.
a - a glowing sapphire potion
Found a Young Poisoner's Handbook.
You see here a +0 ring mail.
Sigmund the Dreaded comes into view.
He is wielding a +0 scythe.
Sigmund shouts!
You shoot a sling bullet. The sling bullet hits Sigmund.
Sigmund is lightly wounded.
You shoot a sling bullet. The sling bullet barely misses Sigmund.
You shoot a sling bullet.
The sling bullet closely misses Sigmund.
A frilled lizard comes into view.
Sigmund closely misses you.
You shoot a sling bullet. The sling bullet hits Sigmund!
Sigmund is moderately wounded.
You shoot a sling bullet.
The sling bullet closely misses Sigmund.
The sling bullet hits the frilled lizard.
You kill the frilled lizard!
Sigmund barely misses you.
You shoot a sling bullet. The sling bullet hits Sigmund.
Sigmund is heavily wounded.
Sigmund hits you from afar with a +0 scythe!
You shoot a sling bullet.
The sling bullet closely misses Sigmund.
Sigmund mumbles some strange words.
Sigmund flickers and vanishes!
Deactivating autopickup; reactivate with Ctrl-A.
You shoot a sling bullet. Something hits you!
You shoot a sling bullet. Something hits you!
You shoot a sling bullet. Something hits you.
You die...

....# ..... ..%...
...... ......#
.....{: #
........####.##
#.#.....@.....#
#........[#####
#...####..#
#.........#
#..####.##
#.##.....#.# .#
#..........## .#
#######.#....# .#
#.......##.......#


There were no monsters in sight!

Vanquished Creatures
  3 dart slugs (D:1)
  3 endoplasms (D:1)
  4 goblins (D:1)
  A hobgoblin (D:1)
  4 jackals (D:1)
  A quokka (D:1)
  3 ball pythons (D:1)
  2 bats (D:1)
  3 frilled lizards
  5 kobolds
  2 rats
31 creatures vanquished.

Notes
Turn   | Place    | Note
-------+----------+-------------------------------------------
     0 | D:1      | qw the Minotaur Hexslinger began the quest for the Orb.
     0 | D:1      | Reached XP level 1. HP: 16/16 MP: 1/1
     0 | D:1      | 0 ||| qw: Version: 0.3-a-52-g30416fa
     0 | D:1      | 0 ||| qw: Game counter: 5761
     0 | D:1      | 0 ||| qw: Melee chars always use a shield: true
     0 | D:1      | 0 ||| qw: God list: Okawaru
     0 | D:1      | 0 ||| qw: Allow faded altars: false
     0 | D:1      | 0 ||| qw: Do Orc after clearing Dungeon:15 true
     0 | D:1      | 0 ||| qw: Do second Lair branch before Depths: true
     0 | D:1      | 0 ||| qw: Lair rune preference: random
     0 | D:1      | 0 ||| qw: Goals: Normal
     0 | D:1      | 0 ||| PLANNING D:1-11
    89 | D:1      | 89 ||| FLEEEEING.
    90 | D:1      | 90 ||| FLEEEEING.
   212 | D:1      | 212 ||| Stepping ~*~*~tactically~*~*~ (water).
   241 | D:1      | Reached skill level 3 in Ranged Weapons
   241 | D:1      | Reached XP level 2. HP: 23/23 MP: 2/2
   506 | D:1      | Reached XP level 3. HP: 29/29 MP: 3/3
   507 | D:1      | 507 ||| Stepping ~*~*~tactically~*~*~ (water).
   511 | D:1      | 511 ||| FLEEEEING.
   566 | D:1      | 566 ||| Stepping ~*~*~tactically~*~*~ (water).
   568 | D:1      | 568 ||| Stepping ~*~*~tactically~*~*~ (water).
   570 | D:1      | 570 ||| Stepping ~*~*~tactically~*~*~ (water).
   960 | D:1      | 960 ||| UPGRADING to +0 ring mail.
   970 | D:1      | 970 ||| DROPPING +0 robe.
   971 | D:1      | 971 ||| UPGRADING to amulet of faith.
   976 | D:1      | 976 ||| DROPPING ring of magical power.
   977 | D:1      | 977 ||| READING scroll labelled EFENEF SECETA.
   978 | D:1      | 978 ||| DROPPING scroll of poison.
  1054 | D:2      | Noticed Sigmund
  1063 | D:2      | HP: 2/29 [something (9)]
  1064 | D:2      | Slain by Sigmund

Levels and vault maps discovered:
D:1:      dpeg_arrival_simpleton_b, layout_loops_corners, kennysheep_boxes
D:2:      minmay_skewed_foursquare, layout_basic, uniq_sigmund

Skill      XL: |  1  2 |
---------------+-------+-----
Ranged Weapons | 3 |  3.9
Fighting       | 2 |  2.0
Dodging        | |  2.1
Spellcasting   | |  1.0
Hexes          | |  2.0

Action                     || total
---------------------------++-------
   Fire: Sling             ||    85
    Use: Scroll            ||     1
 Armour: Robe              ||     6
         Ring mail         ||     1
  Dodge: Dodged            ||    23

Table legend:
 A = Non-vault XP
 B = Vault XP
 C = Vault XP percentage of total XP
 D = Non-vault monster count
 E = Vault monster count
 F = Vault count percentage of total count
                 A         B        C        D         E       F
            +---------+---------+-------+---------+---------+-------
      Total |      57 |       0 |   0.0 |      31 |       0 |   0.0
            +---------+---------+-------+---------+---------+-------
        D:1 |      53 |       0 |   0.0 |      28 |       0 |   0.0
        D:2 |       4 |       0 |   0.0 |       3 |       0 |   0.0
            +---------+---------+-------+---------+---------+-------
